 Dungeon Crawl Stone Soup version 0.17.0-24-gcfadda4 (console) character file.

834 Kloppie the Gusty (level 7, -5/47 HPs)
             Began as a High Elf Air Elementalist on Nov 15, 2015.
             Slain by a sky beast (6 damage)
             ... on level 5 of the Dungeon.
             The game lasted 00:13:39 (5541 turns).

Kloppie the Gusty (High Elf Air Elementalist)       Turns: 5541, Time: 00:13:39

Health: -5/47      AC:  4    Str:  7    XL:     7   Next: 66%
Magic:  6/12       EV: 13    Int: 20    God:
Gold:   196        SH:  0    Dex: 17    Spells: 4 memorised, 2 levels left

rFire  . . .     SeeInvis .     a - +0 falchion (elec)
rCold  . . .     Clarity  .     l - +0 robe
rNeg   . . .     SustAt   .     (no shield)
rPois  +         Gourm    .     k - +0 helmet
rElec  .         Spirit   .     v - +0 cloak
rCorr  .         Warding  .     (no gloves)
rMut   .         Stasis   .     (no boots)
MR     .....                    (no amulet)
Stlth  ++........               q - ring of flight
                                r - ring of poison resistance

@: not resistant to hostile enchantments, unstealthy
A: no striking features
a: Evoke Flight


You were on level 5 of the Dungeon.
You were not hungry.

You visited 1 branch of the dungeon, and saw 5 of its levels.

You collected 196 gold pieces.

Inventory:

Hand Weapons
 a - a +0 falchion of electrocution (weapon)
Missiles
 D - 5 needles of confusion
Armour
 e - a +0 buckler
 k - a +0 helmet (worn)
 l - a +0 robe (worn)
 v - a +0 cloak (worn)
Jewellery
 d - an uncursed ring of fire
 q - a ring of flight (right hand)
 r - a ring of poison resistance (left hand)
 s - an uncursed amulet of stasis
Wands
 E - a wand of frost (2)
Scrolls
 f - 7 scrolls of identify {unknown}
 h - 3 scrolls of remove curse {unknown}
 i - a scroll of noise {unknown}
 m - a scroll of recharging {unknown}
 n - 2 scrolls of magic mapping {unknown}
 o - 2 scrolls of enchant armour {unknown}
 t - a scroll of enchant weapon {unknown}
 y - 2 scrolls of amnesia {unknown}
 A - a scroll of immolation {unknown}
Potions
 g - a potion of cure mutation {unknown}
 j - 3 potions of curing {unknown}
 p - 3 potions of lignification {unknown}
 u - a potion of poison {unknown}
 w - 4 potions of cancellation {unknown}
 z - a potion of magic {unknown}
 B - a potion of brilliance {unknown}
Books
 b - a book of Air

   Spells                             Type                      Level
   a - Shock                          Conjuration/Air              1
   b - Swiftness                      Charms/Air                   2
   c - Repel Missiles                 Charms/Air                   2
   d - Static Discharge               Conjuration/Air              3
   e - Lightning Bolt                 Conjuration/Air              5
Comestibles
 c - 3 bread rations
 x - 2 meat rations
 C - 2 chunks of flesh


   Skills:
 + Level 3.7 Fighting
 - Level 2.1 Dodging
 - Level 2.1 Stealth
 - Level 3.2 Spellcasting
 + Level 5.4 Conjurations
 - Level 2.0 Charms
 + Level 7.0 Air Magic


You had 2 spell levels left.
You knew the following spells:

 Your Spells              Type           Power        Failure   Level  Hunger
a - Shock                 Conj/Air       ####         1%          1    None
b - Swiftness             Chrm/Air       ###.....     3%          2    ##.....
c - Repel Missiles        Chrm/Air       ###...       3%          2    ##.....
d - Lightning Bolt        Conj/Air       ####......   30%         5    ######.


Dungeon Overview and Level Annotations

Branches:
Dungeon (5/15)
 Temple: D:4-7

Altars:
Elyvilon
Xom

Annotations:
D:4 Sigmund


Message History

Zapping:
E - a wand of frost {zapped: 21} (will waste charges)
Press: ? - help, Shift-Dir - straight line Evoking this partially-identified wand wasted a few charges.
Something hits you.
* * * LOW HITPOINT WARNING * * *
Something shocks you.
* * * LOW HITPOINT WARNING * * *
Drink which item? (? for menu, Esc to quit)
Okay, then.
Read which item? (? for menu, Esc to quit)
Okay, then.
Evoke which item? (* to show all) (? for menu, Esc to quit)
Zapping:
E - a wand of frost {zapped: 23} (will waste charges)
Press: ? - help, Shift-Dir - straight line The puff of frost hits something.
Evoking this partially-identified wand wasted a few charges.
Something hits you.
* * * LOW HITPOINT WARNING * * *
Something shocks you.
You die...

...................####..........
...................# #..{.......
......รท............# #........
...................# #........
..........#......### #......{. #
..........#......# #.........#
..........#......# ...#
..........#.....{# #....^
..........#.....@# #....#
###########......# #....#
#......# #... # #......# #### #
#......# # #......# # #......# #
######## # #


There were no monsters in sight!

Vanquished Creatures
  An ice beast (D:5)
  A necrophage (D:5)
  An ogre (D:5)
  A scorpion (D:5)
  A jelly (D:5)
  3 crimson imps (D:5)
  An orc priest (D:3)
  2 orc wizards
  Terence (D:3)
  2 iguanas
  A giant frog skeleton (D:5)
  A worker ant (D:4)
  Robin (D:2)
  6 adders
  An ooze (D:1)
  An adder skeleton (D:5)
  4 worms
  4 giant geckos
  5 orcs
  3 giant cockroaches
  6 hobgoblins
  11 jackals
  3 kobolds
  2 quokkas
  3 ball pythons
  9 bats
  A giant cockroach zombie (D:5)
  4 giant newts
  17 goblins
  9 rats
106 creatures vanquished.

Vanquished Creatures (others)
  An orc (D:3)
  A quokka (D:3)
2 creatures vanquished.

Grand Total: 108 creatures vanquished

Notes
Turn   | Place    | Note
--------------------------------------------------------------
     0 | D:1      | Kloppie the High Elf Air Elementalist began the quest for the Orb.
     0 | D:1      | Reached XP level 1. HP: 11/11 MP: 4/4
   298 | D:1      | Reached XP level 2. HP: 17/17 MP: 0/6
   356 | D:1      | Learned a level 2 spell: Swiftness
   391 | D:1      | Learned a level 2 spell: Repel Missiles
   558 | D:1      | Reached skill level 4 in Air Magic
  1019 | D:2      | Reached skill level 1 in Charms
  1021 | D:2      | Reached XP level 3. HP: 21/21 MP: 2/7
  1105 | D:2      | Noticed Robin
  1193 | D:2      | Killed Robin
  1718 | D:2      | Reached XP level 4. HP: 15/27 MP: 4/8
  2747 | D:3      | Found a white marble altar of Elyvilon.
  2881 | D:3      | Reached skill level 5 in Air Magic
  2881 | D:3      | Reached XP level 5. HP: 17/31 MP: 1/10
  3100 | D:3      | Learned a level 5 spell: Lightning Bolt
  3147 | D:3      | Noticed Terence
  3170 | D:3      | Killed Terence
  3170 | D:3      | Reached skill level 1 in Fighting
  4322 | D:4      | Reached XP level 6. HP: 38/38 MP: 2/11
  4499 | D:4      | Noticed a sky beast
  4695 | D:4      | Noticed Sigmund
  4698 | D:5      | Entered Level 5 of the Dungeon
  4831 | D:5      | Reached skill level 6 in Air Magic
  5061 | D:5      | Reached XP level 7. HP: 38/45 MP: 7/12
  5258 | D:5      | Found a shimmering altar of Xom.
  5412 | D:5      | Reached skill level 5 in Conjurations
  5494 | D:5      | Reached skill level 7 in Air Magic
  5541 | D:5      | HP: 1/47 [something (4)]
  5541 | D:5      | Slain by a sky beast

Action                   |  1- 3 |  4- 6 |  7- 9 || total
-------------------------+-------+-------+-------++-------
Melee: Dagger            |    27 |       |       ||    27
       Falchion          |    23 |    58 |    27 ||   108
 Cast: Shock             |    62 |    81 |    32 ||   175
Evoke: Wand              |       |       |    10 ||    10
 Stab: Sleeping          |       |     3 |     1 ||     4
  Eat: Chunk             |     3 |     9 |     1 ||    13
       Beef jerky        |       |     1 |       ||     1
